[Event "European Women Rapid-ch 2023"]
[Site "Monaco"]
[Date "2024.01.13"]
[Round "2.13"]
[White "Reizniece-Ozola, Dana"]
[Black "Zimina, Olga"]
[Result "0-1"]
[ECO "A11"]
[WhiteElo "2278"]
[BlackElo "2291"]
[Annotator "RC"]
[PlyCount "74"]
[EventDate "2023.12.19"]
[EventType "swiss"]
[EventCountry "MNC"]
[SourceTitle "playchess.com"]
[Source "ChessBase"]
[SourceQuality "1"]
[TimeControl "900+10"]

1. c4 c6 2. Nf3 d5 3. e3 Nf6 4. Nc3 a6 5. a4 e6 6. a5 Bd6 7. h3 e5 8. Qb3 Bc7 9. d4 e4 10. Ne5 O-O 11. Bd2 Re8 12. Be2 Nbd7 13. Nxd7 Qxd7 14. Qc2 Qd8 15. b4 Be6 16. cxd5 Bxd5 17. Na4 Qd6 18. Nc5 Rab8 19. g4 Nd7 20. h4 Nf8 21. g5 Qe7 22. O-O-O Bd6 23. Rdg1 b6 24. Nxa6 Rb7 25. axb6 Rxb6 26. Nc5 Ra8 27. Bc4 Bxc5 28. dxc5 Qxc5 29. Bxd5 Qxd5 30. Kb1 c5 31. Bc3 cxb4 32. Ba1 Rba6 33. Bd4 b3 34. Qe2 Ra2 35. Bb2 Qa5 36. Kc1 Ra1+ 37. Bxa1 Qxa1+ 0-1

[Event "European Women Rapid-ch 2023"]
[Site "Monaco"]
[Date "2024.01.13"]
[Round "2.14"]
[White "Daulyte-Cornette, Deimante"]
[Black "Radeva, Viktoria"]
[Result "0-1"]
[ECO "C13"]
[WhiteElo "2372"]
[BlackElo "2325"]
[Annotator "RC"]
[PlyCount "54"]
[EventDate "2023.12.19"]
[EventType "swiss"]
[EventCountry "MNC"]
[SourceTitle "playchess.com"]
[Source "ChessBase"]
[SourceQuality "1"]
[TimeControl "900+10"]

1. e4 e6 2. d4 d5 3. Nc3 Nf6 4. Bg5 dxe4 5. Nxe4 Be7 6. Nxf6+ Bxf6 7. Bxf6 Qxf6 8. Nf3 O-O 9. Qd3 Bd7 10. O-O-O Bc6 11. Be2 Nd7 12. h4 Qh6+ 13. Kb1 Nf6 14. Rh3 Be4 15. Qb3 Bf5 16. Rhh1 Ne4 17. Rhf1 a5 18. Bd3 a4 19. Qxb7 Nc3+ 20. Ka1 Nxd1 21. Rxd1 Bxd3 22. cxd3 Rfb8 23. Qc6 Ra7 24. Ne5 Qf4 25. Nd7 Rd8 26. Qc5 Raa8 27. g3 Qf3 0-1

[Event "European Women Rapid-ch 2023"]
[Site "Monaco"]
[Date "2024.01.13"]
[Round "2.15"]
[White "Kubicka, Anna"]
[Black "Osmak, Yuliia"]
[Result "0-1"]
[ECO "C70"]
[WhiteElo "2278"]
[BlackElo "2450"]
[Annotator "TA"]
[PlyCount "72"]
[EventDate "2023.12.19"]
[EventType "swiss"]
[EventCountry "MNC"]
[SourceTitle "playchess.com"]
[Source "ChessBase"]
[SourceQuality "1"]
[TimeControl "900+10"]

1. e4 e5 2. Nf3 Nc6 3. Bb5 a6 4. Ba4 b5 5. Bb3 Na5 6. O-O d6 7. d4 exd4 8. Qxd4 {[%emt 0:01:19][%cal Ob3f7] [#] aiming for Bxf7+!} Bb7 9. c4 c5 {[%emt 0:01:15] The position is equal.} 10. Qd3 Nxb3 11. Qxb3 Nf6 12. Nc3 Be7 13. cxb5 O-O 14. bxa6 Bxe4 15. Nxe4 Nxe4 16. Qd3 (16. Qb7 {is interesting.} f5 17. Rd1 Bf6 18. Nd2) 16... d5 17. Rd1 Qb6 18. b3 $2 {[%emt 0:02:18][%mdl 8192] This move loses the game for White.} (18. Qxd5 $2 Rad8 $19) (18. Qb3 $11 Qxa6 19. Rxd5 (19. Qxd5 Rfd8 $11)) 18... Bf6 $19 (18... Rxa6 19. Be3 $15 (19. Qxd5 $2 Rd8 $19)) 19. Be3 Bxa1 (19... Qxa6 20. Qxd5 Nc3 (20... Bxa1 $2 21. Rxa1 Qf6 22. Re1 $17) 21. Qxc5 Nxd1 22. Rxd1 Qxa2 23. Nd4 $19) (19... Rxa6 20. Rac1 $11) 20. Rxa1 Rfd8 ({Don't play} 20... Qxa6 21. Qxd5 Qf6 22. Re1 $19) 21. h4 Qxa6 22. Qc2 h6 23. Bxc5 Rac8 24. b4 Nxc5 25. bxc5 Qc4 {[%emt 0:00:03] Prevents Nd4.} 26. Qf5 Qxc5 27. Ne5 Qe7 28. Rd1 Qe6 ({Not} 28... Qxh4 29. Qxf7+ Kh7 30. Qf5+ Kg8 31. Qf7+ Kh7 32. Qg6+ Kg8 33. Qe6+ Kh7 34. Qg6+ Kg8 35. Qe6+ Kh7 36. Qg6+ $11) 29. Qf4 Ra8 30. a4 Re8 31. Nf3 Qe4 32. Qg3 Qf5 ({Don't take} 32... Qxa4 33. Rxd5 Qc4 34. Rd4 Ra1+ 35. Kh2 $19) 33. Nd4 Qh5 34. Ra1 Re4 35. Nc6 (35. Nf3 $142 Rexa4 (35... Raxa4 $2 36. Qb8+ Kh7 37. Rc1 $19) 36. Rxa4 Rxa4 37. Qb8+ Kh7 38. Qb1+ Qg6 39. Qd1) 35... Rxh4 {[%emt 0:00:16][%csl Gh5][%cal Rh4h1] [#]} 36. Ne7+ Kh8 {[%emt 0:00:17] Weighted Error Value: White=0.67/Black=0.08 (flawless) .  Loses game:     	White=1     	---        Mistake:       	White=1     	---        Inaccurate:     	White=4     	Black=1      OK:         	White=7     	Black=16     Best:        	White=1     	Black=2} 0-1

[Event "European Women Rapid-ch 2023"]
[Site "Monaco"]
[Date "2024.01.13"]
[Round "2.16"]
[White "Guichard, Pauline"]
[Black "Polterauer, Chiara"]
[Result "1-0"]
[ECO "D91"]
[WhiteElo "2385"]
[BlackElo "2189"]
[Annotator "RC"]
[PlyCount "53"]
[EventDate "2023.12.19"]
[EventType "swiss"]
[EventCountry "MNC"]
[SourceTitle "playchess.com"]
[Source "ChessBase"]
[SourceQuality "1"]
[TimeControl "900+10"]

1. d4 Nf6 2. c4 g6 3. Nc3 d5 4. Nf3 Bg7 5. Bg5 Ne4 6. Bf4 c6 7. e3 O-O 8. Qb3 Nxc3 9. bxc3 Qa5 10. Be2 Nd7 11. cxd5 cxd5 12. O-O Nf6 13. c4 Be6 14. c5 Bc8 15. a4 b6 16. Rfc1 bxc5 17. Rxc5 Qb6 18. Qa3 Ba6 19. a5 Qxc5 20. Qxc5 Bxe2 21. Qxe7 Nh5 22. Bd6 Rfc8 23. Ne5 Bxe5 24. Bxe5 Rc2 25. h3 Rac8 26. Qxa7 Ng7 27. Qd7 1-0

[Event "European Women Rapid-ch 2023"]
[Site "Monaco"]
[Date "2024.01.13"]
[Round "2.17"]
[White "Exler, Veronika"]
[Black "Savina, Anastasia"]
[Result "0-1"]
[ECO "B22"]
[WhiteElo "2157"]
[BlackElo "2340"]
[Annotator "RC"]
[PlyCount "112"]
[EventDate "2023.12.19"]
[EventType "swiss"]
[EventCountry "MNC"]
[SourceTitle "playchess.com"]
[Source "ChessBase"]
[SourceQuality "1"]
[TimeControl "900+10"]

1. e4 c5 2. c3 Nf6 3. e5 Nd5 4. d4 cxd4 5. Nf3 Nc6 6. cxd4 d6 7. Bc4 dxe5 8. dxe5 Ndb4 9. Qb3 e6 10. O-O Na5 11. Bb5+ Bd7 12. Qa4 Bxb5 13. Qxb5+ Nac6 14. Nc3 a6 15. Qe2 Qd3 16. Rd1 Qxe2 17. Nxe2 Bc5 18. a3 Nd5 19. b4 Be7 20. Bb2 O-O-O 21. Ned4 Nxd4 22. Rxd4 Nb6 23. Rc1+ Kb8 24. Rxd8+ Rxd8 25. Kf1 g5 26. h3 h5 27. g4 hxg4 28. hxg4 Rd3 29. Rc3 Rxc3 30. Bxc3 Nc4 31. a4 Kc7 32. Ke2 Nb6 33. Bd2 Nxa4 34. Nxg5 Bxg5 35. Bxg5 Kc6 36. Kd3 Kd5 37. f4 Nb2+ 38. Kc3 Nd1+ 39. Kb3 Nf2 40. Ka4 Kc6 41. f5 Nxg4 42. fxe6 fxe6 43. Bf4 Nf2 44. Ka5 Nd3 45. Bg3 Nb2 46. Bh2 Nc4+ 47. Ka4 b5+ 48. Kb3 Kd5 49. Kc3 Nxe5 50. Bg1 Ke4 51. Ba7 Nc6 52. Bc5 e5 53. Kd2 Kf3 54. Kd3 e4+ 55. Kd2 Ne5 56. Ke1 e3 0-1

[Event "European Women Rapid-ch 2023"]
[Site "Monaco"]
[Date "2024.01.13"]
[Round "2.18"]
[White "Zhukova, Natalia"]
[Black "Zvereva, Marija"]
[Result "1-0"]
[ECO "A55"]
[WhiteElo "2301"]
[BlackElo "2049"]
[Annotator "TA"]
[PlyCount "67"]
[EventDate "2023.12.19"]
[EventType "swiss"]
[EventCountry "MNC"]
[SourceTitle "playchess.com"]
[Source "ChessBase"]
[SourceQuality "1"]
[TimeControl "900+10"]

1. c4 Nf6 2. Nc3 d6 3. d4 Nbd7 4. Nf3 e5 5. e4 Be7 6. Be2 O-O 7. O-O c6 8. h3 Qc7 9. Be3 Re8 10. Qc2 Bf8 11. Rfe1 g6 12. Rad1 Bg7 {[%emt 0:01:03] White is slightly better.} 13. Bf1 Nh5 14. g3 a6 15. a4 Qa5 16. d5 c5 17. Nh2 Nf8 18. Ng4 Qc7 19. Bd3 Qe7 20. Kh2 (20. Ra1 $16) 20... Rb8 (20... Nf4 $1 $11) 21. Rb1 {[%emt 0:01:28] White is more active.} (21. f3 $16) 21... b6 (21... Nf4 $1 $11) 22. b4 (22. Kg1 $16) 22... Bd7 (22... cxb4 $1 $11 23. Rxb4 Nf4) 23. Rb3 (23. Rg1 $16) 23... Rec8 (23... Nf4 $11 {keeps the balance.}) 24. Reb1 {[%emt 0:00:15] bxc5 would now be deadly.} Qd8 (24... cxb4 $142 25. Rxb4 Nf4) 25. bxc5 bxc5 26. Nh6+ Bxh6 27. Bxh6 f6 (27... Nf6 $16 28. Qb2 Rxb3 29. Qxb3 Rc7) 28. Rb7 Rxb7 29. Rxb7 {[%emt 0:00:01] And now Qb2 would win.} g5 $2 {[%emt 0:00:11] [#] This costs Black the game.} (29... Rb8 $16 {was necessary.} 30. Qb3 Rxb7 31. Qxb7 Bc8) 30. Qb3 Ng6 $2 (30... Ng7 31. Bxg7 Kxg7) 31. Be2 $18 {[%emt 0:00:01] White is clearly winning.} Ng7 32. Bg4 Rc7 33. Bxg7 {[%emt 0:00:40] [#] Threatens to win with Qb6.} Bxg4 34. hxg4 {[%emt 0:00:49] Weighted Error Value: White=0.41/Black=0.78.  Loses game:     	---       	Black=1      Mistake:       	White=4     	Black=7      Inaccurate:     	White=5     	Black=5      OK:         	White=4     	Black=2      Best:        	---       	Black=2} 1-0

[Event "European Women Rapid-ch 2023"]
[Site "Monaco"]
[Date "2024.01.13"]
[Round "2.19"]
[White "Rudzinska, Michalina"]
[Black "Bensdorp-De Labaca, Marlies"]
[Result "1-0"]
[ECO "C01"]
[WhiteElo "2241"]
[BlackElo "2237"]
[Annotator "ChessBase"]
[PlyCount "77"]
[EventDate "2023.12.19"]
[EventType "swiss"]
[EventCountry "MNC"]
[SourceTitle "playchess.com"]
[Source "ChessBase"]
[SourceQuality "1"]
[TimeControl "900+10"]

1. e4 e6 2. d4 d5 3. Bd3 Nf6 4. e5 Nfd7 5. f4 c5 6. c3 Nc6 7. Nf3 a6 8. O-O g6 9. Be3 Be7 10. a3 b6 11. b4 Bb7 12. Nbd2 Qc7 13. Rb1 Na7 14. Bf2 c4 15. Be2 b5 16. a4 bxa4 17. Qxa4 Nb5 18. Rfc1 Bc6 19. Qd1 a5 20. bxa5 Rxa5 21. Bh4 Ba3 22. Rc2 O-O 23. Ra1 Rfa8 24. g4 Bf8 25. Rxa5 Qxa5 26. Nb1 Qa1 27. f5 Nc7 28. Qf1 Rb8 29. Rc1 Rb2 30. Ng5 exf5 31. gxf5 h6 32. fxg6 f6 33. Nh7 Qa2 34. Nxf6+ Nxf6 35. exf6 Ne6 36. Bg4 Bd7 37. Bxe6+ Bxe6 38. f7+ Kh8 39. Bf6+ 1-0

[Event "European Women Rapid-ch 2023"]
[Site "Monaco"]
[Date "2024.01.13"]
[Round "2.20"]
[White "Hrebenshchykova, Yelyzaveta"]
[Black "Mrvova, Alena"]
[Result "1-0"]
[ECO "B42"]
[WhiteElo "2275"]
[BlackElo "2160"]
[Annotator "TA"]
[PlyCount "81"]
[EventDate "2023.12.19"]
[EventType "swiss"]
[EventCountry "MNC"]
[SourceTitle "playchess.com"]
[Source "ChessBase"]
[SourceQuality "1"]
[TimeControl "900+10"]

1. e4 c5 2. Nf3 e6 3. d4 cxd4 4. Nxd4 a6 5. Bd3 Qc7 6. O-O Nf6 7. Qe2 d6 8. c4 Nbd7 9. Nc3 Ne5 10. Kh1 Be7 11. f4 {[%emt 0:00:57][%cal Bf2f4,Bf4f5,Bf5f6][%mdl 32] The position is equal.} Nxd3 12. Qxd3 O-O 13. f5 g6 $2 (13... Bd7 $11) 14. Bh6 Re8 15. Bg5 {[%emt 0:01:19] White is much more active.} (15. Nxe6 $142 Bxe6 (15... fxe6 16. fxg6 Kh8 17. e5 $18) 16. fxe6 fxe6 17. Qh3 Qxc4 18. Rac1) 15... Ng4 $16 16. f6 Bf8 {[%emt 0:00:02][%cal Od6d5] [#]} 17. Qh3 ({White should play} 17. Qg3 $1 $16 Qxc4 18. Nf3) 17... h5 {[%emt 0:00:55] [#]} (17... e5 $1 $11 {keeps the balance.} 18. Nf5 Qxc4 (18... gxf5 19. exf5 Qxc4 20. Rad1 $11)) 18. Nde2 (18. Qh4 $1 $16) 18... Qxc4 $11 19. Qg3 (19. Qh4 $11) 19... Qc5 (19... Bd7 $17) 20. Bf4 (20. Qh4 $11) 20... e5 (20... Nxf6 $2 {loses.} 21. Be3 Qe5 (21... h4 $2 22. Qf3 $18) 22. Qf3 $18 (22. Qxe5 dxe5 23. Rxf6 Be7 $16)) ({Black should try} 20... Bd7 $15) 21. Bg5 $36 {[%emt 0:01:14][%mdl 2048] White has some pressure.} Bh6 22. Bxh6 Nxh6 23. Qg5 Ng4 {[%emt 0:00:31] Black is on the road to losing.} (23... Kh7 $1 $11) 24. Nd5 $2 (24. h3 $16 Qe3 25. Qh4) 24... Be6 (24... Kh7 $11) 25. h3 $18 Kh7 26. hxg4 Bxg4 27. Nec3 Rh8 28. Qe3 Qxe3 29. Nxe3 {[%emt 0:00:01] Excellent horsemanship.} Be6 30. Rad1 Rhd8 31. Rd2 Kh6 32. Rfd1 Kg5 33. Rxd6 Rxd6 34. Rxd6 Kxf6 35. Ned5+ Kg5 36. Nc7 Rg8 37. Nxe6+ fxe6 38. Rxe6 Kf4 39. Kh2 h4 40. Re7 g5 $2 (40... Rb8 41. Rf7+ Ke3) 41. Nd5+ {[%emt 0:00:06] Weighted Error Value: White=0.56/Black=0.47.  Loses game:     	---       	Black=2      Mistake:       	White=6     	Black=5      Inaccurate:     	White=3     	Black=1      OK:         	White=10    	Black=9      Best:        	White=1     	Black=2} 1-0

[Event "European Women Rapid-ch 2023"]
[Site "Monaco"]
[Date "2024.01.13"]
[Round "2.21"]
[White "De Seroux, Camille"]
[Black "Schulze, Lara"]
[Result "0-1"]
[ECO "A00"]
[WhiteElo "2075"]
[BlackElo "2285"]
[Annotator "TA"]
[PlyCount "80"]
[EventDate "2023.12.19"]
[EventType "swiss"]
[EventCountry "MNC"]
[SourceTitle "playchess.com"]
[Source "ChessBase"]
[SourceQuality "1"]
[TimeControl "900+10"]

1. Nc3 d5 2. Nf3 Nf6 3. d3 Bg4 4. h3 Bxf3 5. gxf3 c5 6. Bg2 Nc6 7. f4 e6 8. e4 {[%emt 0:00:49] Black has an edge.} Be7 9. Bd2 Rc8 10. e5 Nd7 11. Qg4 g6 12. O-O-O {[%emt 0:00:23] Black converts the advantage convincingly.} (12. O-O $15) 12... Nd4 $17 13. Kb1 b5 14. Rhe1 Bh4 {[%emt 0:00:25][%cal Oh7h5] [#] And now ...h5! would win.} 15. Bh1 Bxf2 16. Rf1 Bh4 17. Ne2 Nf5 18. Bc1 Nb6 19. Ng1 (19. Be4 {might work better.}) 19... h5 20. Qg2 b4 21. Nf3 Be7 22. d4 (22. Ng5 $142) 22... c4 $19 23. Ng5 a5 24. c3 (24. h4 $142) 24... bxc3 25. bxc3 Rb8 {[%emt 0:00:09] ...Na4+ is the strong threat.} 26. Ka1 Qd7 27. Bd2 Bxg5 (27... Na4 $142 {Threatens to win with ...Rb2.} 28. Rb1 O-O 29. Nxf7 Kxf7 (29... Rxb1+ $2 30. Rxb1 Kxf7 31. Qg1 $19)) 28. fxg5 O-O {[%emt 0:00:06] White must now prevent ...Na4.} 29. Rb1 Qa4 (29... Na4 $142 {...Qe7 would now be deadly.} 30. Qg1 Qa7) 30. Rb2 Nd7 {[%emt 0:00:03] aiming for ...Rxb2. Excellent horsemanship.} 31. Rfb1 Rxb2 $40 {[%emt 0:00:05][%mdl 128] Black wants a kill.} 32. Rxb2 Rb8 {[%emt 0:00:02] ( -> ...Qd1+)} 33. Rxb8+ $2 (33. Qf1 {was worth a try.}) 33... Nxb8 34. Qg1 {[%emt 0:00:10] Prevents Qd1+.} Qc2 35. Qb1 {[%emt 0:00:14] [#]} (35. Qe1 $19) 35... Qxd2 {[%emt 0:00:13] Black mates.} 36. Qxb8+ Kg7 37. Bxd5 Qxc3+ 38. Kb1 Qd3+ 39. Kc1 Nxd4 40. Qb2 Ne2+ {[%emt 0:00:09] Weighted Error Value: White=0.56/Black=0.18 (very precise) .  Mistake:       	White=6     	Black=1      OK:         	White=9     	Black=17     Best:        	---       	Black=1} (40... Qf1+ $142 41. Kd2 Qe2+ 42. Kc3 Qd3#) 0-1

[Event "European Women Rapid-ch 2023"]
[Site "Monaco"]
[Date "2024.01.13"]
[Round "2.22"]
[White "Kulon, Klaudia"]
[Black "Hryshchenko, Kamila"]
[Result "1-0"]
[ECO "A21"]
[WhiteElo "2323"]
[BlackElo "2192"]
[Annotator "RC"]
[PlyCount "83"]
[EventDate "2023.12.19"]
[EventType "swiss"]
[EventCountry "MNC"]
[SourceTitle "playchess.com"]
[Source "ChessBase"]
[SourceQuality "1"]
[TimeControl "900+10"]

1. c4 d6 2. g3 e5 3. Bg2 f5 4. Nc3 Nf6 5. d3 Be7 6. e4 Nc6 7. Nge2 O-O 8. O-O a6 9. Rb1 fxe4 10. dxe4 Bg4 11. h3 Be6 12. Nd5 Qd7 13. Kh2 b5 14. b3 Rfb8 15. Be3 bxc4 16. bxc4 Na5 17. Qc2 Bd8 18. Bd2 c6 19. Nxf6+ gxf6 20. Bxa5 Bxa5 21. f4 Bb6 22. f5 Bf7 23. Rb3 Bc5 24. g4 a5 25. h4 h6 26. Qc1 Kg7 27. g5 Rb4 28. gxf6+ Kh7 29. Rg3 Rg8 30. Rg6 Rxg6 31. fxg6+ Bxg6 32. f7 Bxf7 33. Rf6 Kg8 34. Qxh6 Qg4 35. Rf3 Bf2 36. Rxf2 Qg6 37. Qe3 Rxc4 38. Ng3 Qg4 39. Nf5 Kf8 40. Qa7 Rc3 41. Qe7+ Kg8 42. Nh6+ 1-0

[Event "European Women Rapid-ch 2023"]
[Site "Monaco"]
[Date "2024.01.13"]
[Round "2.23"]
[White "Collado Barbas, Laura"]
[Black "Papp, Petra"]
[Result "0-1"]
[ECO "D91"]
[WhiteElo "2037"]
[BlackElo "2267"]
[Annotator "TA"]
[PlyCount "66"]
[EventDate "2023.12.19"]
[EventType "swiss"]
[EventCountry "MNC"]
[SourceTitle "playchess.com"]
[Source "ChessBase"]
[SourceQuality "1"]
[TimeControl "900+10"]

1. d4 Nf6 2. c4 g6 3. Nc3 d5 4. Nf3 Bg7 5. Bg5 Ne4 6. cxd5 Nxg5 7. Nxg5 e6 8. Qd2 h6 9. Nh3 exd5 10. Qe3+ Kf8 11. Nf4 c6 12. Qf3 Qf6 ({Natürlich nicht} 12... Bxd4 $6 13. Nxg6+ Kg8 14. Nxh8 Bxh8 15. Rd1 $16) 13. e3 h5 14. Qd1 {[%emt 0:04:28] Die Stellung ist ausgeglichen.} Bf5 15. Qb3 Qe7 16. Be2 Kg8 17. h3 (17. Rc1 $5) 17... h4 (17... Bc8 $11) 18. O-O-O (18. Rc1 $14) 18... Na6 (18... g5 $15 19. Nh5 Bg6) 19. Rhe1 (19. Bg4 $142) 19... Qb4 20. Qxb4 Nxb4 21. a3 Na6 (21... g5 $5) 22. Nd3 Re8 23. Bf1 (23. Kd2 $11) 23... b5 (23... Bf8 $15) 24. Na2 Nb8 25. Nab4 ({Besser ist} 25. Kd2 $11) 25... a5 $15 26. Nc2 Nd7 27. f3 (27. Kb1 $15 {verdient Beachtung.}) 27... Bh6 $17 {[%emt 0:00:09] Schwarz steht deutlich aktiver. Die weißen Türme stehen passiv.} 28. Kb1 Kg7 $36 {[%emt 0:00:03][%mdl 2048] Schwarz hat starke Initiative.} 29. Rd2 Re7 30. e4 $2 {[%emt 0:00:14][%mdl 8192] [#] Ein Fehler, der zur Niederlage führt.} (30. b3 $17 {leistet mehr Widerstand.}) 30... dxe4 31. fxe4 Bxe4 (31... Bxd2 $142 32. exf5 Bxe1 33. Ndxe1 gxf5) 32. Rde2 Rhe8 33. Ka1 Kf8 {[%emt 0:00:10] Gewichteter Fehlerwert: Weiß=0.53/Schwarz=0.37.  Verlustzug:     	Weiß=1     	---        Fehler:       	Weiß=5     	Schwarz=4     Ungenau:       	Weiß=4     	Schwarz=3     OK:         	Weiß=3     	Schwarz=6} ({Weniger gut wäre} 33... Bxd3 34. Rxe7 Rxe7 (34... Bxc2 $2 {geht unter.} 35. Rxe8 Nf6 36. Rc8 $18) 35. Bxd3 Rxe1+ 36. Nxe1 $17) 0-1

[Event "European Women Rapid-ch 2023"]
[Site "Monaco"]
[Date "2024.01.13"]
[Round "2.24"]
[White "Unuk, Laura"]
[Black "Lezhepekova, Veronika"]
[Result "1-0"]
[ECO "D78"]
[WhiteElo "2346"]
[BlackElo "1935"]
[Annotator "RC"]
[PlyCount "53"]
[EventDate "2023.12.19"]
[EventType "swiss"]
[EventCountry "MNC"]
[SourceTitle "playchess.com"]
[Source "ChessBase"]
[SourceQuality "1"]
[TimeControl "900+10"]

1. d4 d5 2. Nf3 Nf6 3. g3 c6 4. Bg2 g6 5. O-O Bg7 6. c4 O-O 7. a4 a5 8. cxd5 cxd5 9. Qb3 Na6 10. Nc3 Nb4 11. Bf4 Bf5 12. Rac1 Rc8 13. Nh4 Qd7 14. Nxf5 gxf5 15. Be5 e6 16. Nb5 Ne4 17. Bxg7 Kxg7 18. Qe3 Rc6 19. f3 Nd6 20. Qg5+ Kh8 21. Qf6+ Kg8 22. g4 Nc4 23. Qg5+ Kh8 24. b3 f6 25. Qh6 Rcc8 26. bxc4 dxc4 27. Rxc4 1-0

[Event "European Women Rapid-ch 2023"]
[Site "Monaco"]
[Date "2024.01.13"]
[Round "2.25"]
[White "Monpeurt, Cyrielle"]
[Black "Hejazipour, Mitra"]
[Result "1-0"]
[ECO "B48"]
[WhiteElo "2187"]
[BlackElo "2356"]
[Annotator "RC"]
[PlyCount "110"]
[EventDate "2023.12.19"]
[EventType "swiss"]
[EventCountry "MNC"]
[SourceTitle "playchess.com"]
[Source "ChessBase"]
[SourceQuality "1"]
[TimeControl "900+10"]

1. e4 c5 2. Nf3 e6 3. d4 cxd4 4. Nxd4 Nc6 5. Nc3 Qc7 6. Be3 a6 7. Bd3 b5 8. Nxc6 Qxc6 9. O-O Bb7 10. a3 Nf6 11. f3 Bc5 12. Qe2 d6 13. Kh1 O-O 14. Rad1 Rfe8 15. Qf2 Nd7 16. Ne2 Ne5 17. Nd4 Qc7 18. Qg3 Rac8 19. f4 Nxd3 20. cxd3 Qb6 21. Nc2 d5 22. e5 d4 23. Bg1 Qd8 24. Ne1 Bb6 25. Nf3 h6 26. Rc1 Qd5 27. Nh4 Qb3 28. f5 Rxc1 29. Rxc1 Qxb2 30. Rf1 Bd5 31. f6 g5 32. Nf3 Rc8 33. Nxg5 Qxg2+ 34. Qxg2 Bxg2+ 35. Kxg2 hxg5 36. Kf3 Rc3 37. Ke4 Rxa3 38. Rc1 Kh7 39. Rc8 Ra1 40. Bf2 Ra2 41. Kf3 Rd2 42. Rf8 Kg6 43. h4 g4+ 44. Kg3 Kf5 45. Rxf7 Rxd3+ 46. Kg2 Rd2 47. Rb7 Bc5 48. Rc7 Bf8 49. Rc8 Bh6 50. f7 Kxe5 51. f8=Q Bxf8 52. Rxf8 Rc2 53. h5 d3 54. h6 Rc7 55. Bg3+ Kd5 1-0

[Event "European Women Rapid-ch 2023"]
[Site "Monaco"]
[Date "2024.01.13"]
[Round "2.26"]
[White "Movsesian, Julia"]
[Black "Dubois, Martine"]
[Result "1-0"]
[ECO "B01"]
[WhiteElo "2257"]
[BlackElo "1799"]
[Annotator "TA"]
[PlyCount "63"]
[EventDate "2023.12.19"]
[EventType "swiss"]
[EventCountry "MNC"]
[SourceTitle "playchess.com"]
[Source "ChessBase"]
[SourceQuality "1"]
[TimeControl "900+10"]

1. e4 d5 2. exd5 Qxd5 3. Nc3 Qd6 4. d4 Nf6 5. Nf3 a6 6. Ne5 (6. Bd3 $14) 6... Nbd7 (6... Nc6 $11) 7. Bf4 Nd5 8. Nxd5 ({White should try} 8. Bc4 $1 $16 Nxf4 9. Bxf7+ Kd8 10. g3) 8... Qxd5 $14 {[%emt 0:00:15] White is slightly better.} 9. Nxd7 Qxd7 {[%emt 0:01:39] Black is weak on the dark squares} (9... Bxd7 $11 10. Qd2 O-O-O) 10. Bd3 g6 11. Qf3 (11. Qe2 $16) 11... Bg7 12. O-O-O O-O 13. Bc4 Rb8 14. h4 {[%emt 0:00:22] h5 is the strong threat.} h5 15. Rhe1 b5 $1 16. Bd5 $36 {[%emt 0:00:05][%mdl 2048] White is pushing.} Rb6 {[%emt 0:00:25] Prevents Bc6} 17. Kb1 (17. g3 $11) 17... Rf6 $1 $15 {[%emt 0:00:53][%cal Of6f4] And now ...Rxf4! would win.} 18. Bb3 (18. Be4 $15) 18... a5 19. a3 a4 20. Ba2 {[%emt 0:00:01] [#]} Bb7 21. Qg3 $11 (21. Qxb7 Rxf4 22. Bd5 Rxf2 $15 (22... Rxd4 23. Rxd4 Bxd4 24. Bc6 $15)) 21... Bd5 (21... Bxg2 $11 {keeps the balance.} 22. Bxc7 (22. Qxg2 Rxf4 23. Qxg6 Qg4 $15) 22... Bf3) 22. Bxd5 $16 (22. Bxc7 Bxa2+ 23. Kxa2 Rc6 $15) 22... Qxd5 23. Rxe7 Rc6 ({Better is} 23... c6) 24. Rxc7 Rxc7 25. Bxc7 Rc8 {[%emt 0:00:16][%cal Od5c6] Hoping for ...Qc6!} 26. c3 $2 {[%emt 0:01:44][%mdl 8192] [#]} (26. Ba5 $16) 26... Bf8 (26... b4 $1 $17 27. cxb4 (27. axb4 $2 {is the wrong capture.} Qb3 $19) 27... Qe4+ 28. Qd3 Qxd3+ (28... Qxh4 $2 29. Bg3 $18) 29. Rxd3 Rxc7) 27. Qe5 (27. Be5 {simplifies} Bxa3 28. Qf3 Qxf3 29. gxf3 Be7 30. Bg3) 27... Qb3 28. Rd2 Bxa3 $2 (28... Qc4 $11 {and Black has nothing to worry.} 29. Ba5 Qf1+ 30. Kc2 Bh6) 29. d5 $18 {[%emt 0:00:15][%cal Bd4d5,Bd5d6][%mdl 32] Active counter play!} Bf8 30. d6 Bg7 31. Qd5 (31. d7 Rf8 32. Qd5 (32. d8=Q Bxe5 33. Bxe5 f6 $18) 32... Qxd5 33. Rxd5) 31... Re8 {[%emt 0:00:32] ( -> ...Re1+)} 32. Qxb3 {[%emt 0:00:27] Weighted Error Value: White=0.47/Black=0.61.  Loses game:     	---       	Black=1      Mistake:       	White=5     	Black=5      Inaccurate:     	White=1     	Black=3      OK:         	White=6     	Black=7      Best:        	White=5     	---        Strong:       	---       	Black=2} 1-0

[Event "European Women Rapid-ch 2023"]
[Site "Monaco"]
[Date "2024.01.13"]
[Round "2.27"]
[White "Paasikangas, Johanna"]
[Black "Navrotescu, Andreea"]
[Result "1-0"]
[ECO "D37"]
[WhiteElo "2038"]
[BlackElo "2222"]
[Annotator "ChessBase"]
[PlyCount "81"]
[EventDate "2023.12.19"]
[EventType "swiss"]
[EventCountry "MNC"]
[SourceTitle "playchess.com"]
[Source "ChessBase"]
[SourceQuality "1"]
[TimeControl "900+10"]

1. d4 d5 2. c4 e6 3. Nc3 Nf6 4. Nf3 Be7 5. Bf4 O-O 6. e3 c5 7. cxd5 Nxd5 8. Nxd5 Qxd5 9. dxc5 Qxc5 10. a3 Nc6 11. Be2 e5 12. Bg3 Rd8 13. Qc1 Qxc1+ 14. Rxc1 f6 15. Bc4+ Kf8 16. O-O Bg4 17. h3 Bxf3 18. gxf3 Rd2 19. b4 Rad8 20. Kg2 a5 21. b5 Nb8 22. a4 Nd7 23. f4 e4 24. f5 Nc5 25. Bc7 Ra8 26. Rfd1 Rb2 27. Bd6 Bxd6 28. Rxd6 Rb4 29. Bd5 Nxa4 30. Rc7 Rxb5 31. Bxb7 Rb8 32. Rdd7 Nb6 33. Rf7+ Kg8 34. Rxg7+ Kh8 35. Rxh7+ Kg8 36. Rcg7+ Kf8 37. Bxe4 Re5 38. Bb1 Rb5 39. Ba2 Nd5 40. Rd7 Kg8 41. e4 1-0